 Dungeon Crawl Stone Soup version 0.30-a0-1016-gfb0d676c02 (webtiles) character file.

Game seed: 7701331316936337562

46 ThatPearl the Chopper (level 3, -1/33 HPs)
             Began as a Hill Orc Monk on Apr 7, 2023.
             Was a Believer of Vehumet.
             Killed from afar by Sigmund (12 damage)
             ... with a puff of flame
             ... on level 3 of the Dungeon.
             The game lasted 00:04:26 (1080 turns).

ThatPearl the Chopper (Hill Orc Monk)               Turns: 1080, Time: 00:04:26

Health: -1/33      AC:  4    Str: 15    XL:     3   Next: 66%
Magic:  3/3        EV: 13    Int: 10    God:    Vehumet [**....]
Gold:   8          SH:  0    Dex: 25    Spells: 1/2 levels left

rFire   . . .      SeeInvis .    a - +0 hand axe
rCold   . . .      Faith    .    (no shield)
rNeg    . . .      Spirit   .    e - +0 leather armour
rPois   .          Reflect  .    (no helmet)
rElec   .          Rampage  .    (no cloak)
rCorr   .                        f - +0 pair of gloves
Will    .....                    (no boots)
Stlth   ++                       (no amulet)
HPRegen 0.25/turn                s - +6 ring of dexterity
MPRegen 0.08/turn                r - +6 ring of dexterity

@: no status effects
A: no striking features
a: Renounce Religion


You were on level 3 of the Dungeon.
You worshipped Vehumet.
Vehumet was pleased with you.
You visited 1 branch of the dungeon, and saw 3 of its levels.

You collected 108 gold pieces.
You spent 100 gold pieces at shops.

Inventory:

Hand Weapons
 a - a +0 hand axe (weapon)
Missiles
 o - 11 stones
Armour
 e - a +0 leather armour (worn)
 f - a +0 pair of gloves (worn)
Jewellery
 l - a ring of wizardry
 r - a +6 ring of dexterity (right hand)
 s - a +6 ring of dexterity (left hand)
Scrolls
 d - a scroll of acquirement {unknown}
 g - a scroll of silence {unknown}
 h - a scroll of enchant armour {unknown}
 i - 2 scrolls of noise {unknown}
 j - a scroll of magic mapping {unknown}
 k - a scroll of amnesia {unknown}
 m - a scroll of brand weapon {unknown}
 p - 2 scrolls of teleportation {unknown}
 q - 3 scrolls of identify
 u - a scroll of butterflies
 v - a scroll of immolation {unknown}
Potions
 b - a potion of invisibility {unknown}
 c - a potion of ambrosia
 n - a potion of flight {unknown}
 t - 2 potions of lignification {unknown}
 w - a potion of curing


   Skills:
 + Level 4.1 Fighting
 * Level 5.1 Axes
 + Level 2.8 Dodging
 - Level 1.5 Stealth


You had one spell level left.
You knew the following spells:

 Your Spells              Type           Power      Damage    Failure   Level
s - Sandblast             Erth           0%         2d4       43%         1

Your spell library contained the following spells:

 Spells                   Type           Power      Damage    Failure   Level
 Mephitic Cloud           Conj/Pois/Air  0%         N/A       80%         3
 Scorch                   Fire           0%         2d5       56%         2
 Flame Wave               Conj/Fire      0%         2d4       99%         4
 Summon Cactus Giant      Summ           0%         N/A       100%        6


Dungeon Overview and Level Annotations

Branches:
Dungeon (3/15)

Altars:
Vehumet

Shops:
D:1 (   D:3 *[*

Annotations:
D:3 Sigmund


Message History

There is an open door here.
There is an entrance to Qinatz's General Store here.
You can access your shopping list by pressing '$'.
Unknown command.
You open the door.
Sigmund the Dreaded comes into view.
He is wielding a +0 scythe.
Sigmund shouts!
Okay, then.
Okay, then.
There is an open door here.
Found a stone staircase leading up.
Sigmund points at you and mumbles some strange words.
You are confused.
Sigmund points at you and mumbles some strange words.
You are more confused.
There is an open door here.
You bump into the rock wall.
Sigmund mumbles some strange words.
Sigmund flickers and vanishes!
Deactivating autopickup; reactivate with Ctrl-A.
Something hits you.
You bump into the rock wall.
You barely miss something. Something hits you but does no damage.
You completely miss something. Something hits you but does no damage.
Something hits you! Something barely misses you.
Something hits you but does no damage.
You hear some strange, mumbled words.
You are more confused.
Found an escape hatch in the ceiling.
Something hits you.
You hear some strange, mumbled words.
A puff of flame appears from out of thin air!
The puff of flame misses you.
You bump into the rock wall.
Something barely misses you. Something hits you!
You feel less confused.
There is a stone staircase leading up here.
A puff of flame appears from out of thin air!
The puff of flame hits you!
You die...

#..... .#..... ..
...... .# #.... .# #
#....##### ###.##.
#....#...###....8.
#........#.....#
#........#.....##^..
####.....{..@.......
###.#.#..####.###
### #####'#...## ..#
#...'∩+....#
#.####.###+#....#
#......# #....#
#......### #....#
#.......)..#..<.#
#.#########..####


There were no monsters in sight!

Vanquished Creatures
  An adder (D:2)
  A dart slug (D:1)
  3 bats
  2 giant cockroaches (D:1)
  4 goblins (D:1)
  2 hobgoblins (D:1)
  8 jackals
  A quokka (D:2)
  5 ball pythons
  A frilled lizard (D:1)
  A rat (D:1)
29 creatures vanquished.

Notes
Turn   | Place    | Note
-------+----------+-------------------------------------------
     0 | D:1      | ThatPearl the Hill Orc Monk began the quest for the Orb.
     0 | D:1      | Reached XP level 1. HP: 19/19 MP: 1/1
   145 | D:1      | Reached XP level 2. HP: 27/27 MP: 2/2
   308 | D:1      | Found Kyskug's Antique Weapon Shop.
   446 | D:1      | Reached XP level 3. HP: 33/33 MP: 3/3
   540 | D:1      | Found a faded altar of an unknown god.
   543 | D:1      | Prayed at the altar of an unknown god.
   543 | D:1      | Became a worshipper of Vehumet
   543 | D:1      | Reached * piety under Vehumet
   543 | D:1      | Offered knowledge of Sandblast by Vehumet.
   543 | D:1      | Reached ** piety under Vehumet
   645 | D:2      | Learned a level 1 spell: Sandblast
   740 | D:2      | Offered knowledge of Magic Dart by Vehumet.
   760 | D:2      | Reached skill level 5 in Axes
   963 | D:2      | You fall into a shaft and drop 1 floor!
   981 | D:3      | Found Ufela's Antique Armour Emporium.
  1007 | D:3      | Found Coavaph's General Store.
  1026 | D:3      | Offered knowledge of Mephitic Cloud by Vehumet.
  1033 | D:3      | Bought a scroll of butterflies for 40 gold pieces
  1033 | D:3      | Bought a potion of degeneration for 10 gold pieces
  1033 | D:3      | Bought a potion of curing for 30 gold pieces
  1033 | D:3      | Bought a scroll of identify for 20 gold pieces
  1053 | D:3      | Found Qinatz's General Store.
  1056 | D:3      | Noticed Sigmund
  1080 | D:3      | Killed from afar by Sigmund

Illustrated notes

Levels and vault maps discovered:
D:1:      dpeg_arrival_fog, layout_rooms,
          shapermc_ecumenical_altar_mp_urbaneastern, serial_shops, shop
D:2:      layout_basic, feat_on_display
D:3:      layout_basic, serial_shops, shop_statue, nicolae_shop_behind_doors,
          shop, nicolae_diamond_shop, nicolae_shop_trees, uniq_sigmund

Skill      XL: |  1  2  3 |
---------------+----------+-----
Fighting       | 4 |  4.1
Axes           | 5 |  5.1
Dodging        | |  2.8
Stealth        | |  1.5

Action                     || total
---------------------------++-------
  Melee: Hand axe          ||    99
         Punch             ||     1
  Throw: Stone             ||     1
 Armour: Leather armour    ||    42
  Dodge: Dodged            ||    86

Table legend: (Time is in decaauts)
 A = Elapsed time spent in this place.
 B = Non-inter-level travel time spent in this place.
 C = Inter-level travel time spent in this place.
 D = Time resting spent in this place.
 E = Time spent auto-exploring this place.
 F = Levels seen in this place.
 G = Mean time per level.
                   A        B        C        D        E       F      G
               +--------+--------+--------+--------+--------+-----+--------+
         Total |   1084 |   1056 |     28 |      0 |    728 |   3 |  361.3 |
       Dungeon |   1084 |   1056 |     28 |      0 |    728 |   3 |  361.3 |
               +--------+--------+--------+--------+--------+-----+--------+

Top non-repeatable levels by time:
     D:1: 641 daAuts
     D:2: 325 daAuts
     D:3: 117 daAuts
